Map: Rovine di Endion

Players

antiriad

  • Race: Terran Terran
  • League: Gold

Jhyrachy - Winner!

  • Race: Zerg Zerg
  • League: Gold

VOD

Have the link to the VOD?

Description

Time

  • Played on: April 12, 2016, 1:31 p.m.
  • Length: 27:19
Show
View Real Time Build Order
Export as new Build Order

antiriad Terran 

Build Orders: Liberator Opening, Reaper Expand, MMM Bio 

Get SALT Encoding   

  12  0:01  SCV  
  13  0:13  SCV  
  14  0:19  Supply Depot  
  14  0:25  SCV  
  15  0:40  SCV  
  16  0:44  Barracks  
  16  0:52  Refinery  
  16  0:53  SCV  
  17  1:05  SCV  
  18  1:17  SCV  
  19  1:32  Orbital Command  
  19  1:35  Reaper  
  20  1:50  Command Center  
  20  2:01  SCV  
  21  2:02  Supply Depot  
  21  2:15  SCV  
  22  2:18  Factory  
  22  2:26  Refinery  
  22  2:27  SCV  
  23  2:39  SCV  
  24  2:50  Barracks Reactor  
  24  2:51  SCV  
  25  3:03  SCV  
  25  3:04  Orbital Command, Starport  
  25  3:15  SCV  
  26  3:25  Bunker  
  26  3:26  Orbital Command  
  26  3:27  Liberator, SCV  
  27  3:37  Hellion  
  27  3:38  Hellion  
  27  3:39  SCV  
  32  3:43  Barracks Tech Lab  
  35  3:51  SCV  
  35  3:52  SCV  
  37  3:57  Supply Depot  
  37  3:59  Hellion x2  
  41  4:03  SCV  
  41  4:04  SCV  
  43  4:15  SCV  
  43  4:16  SCV  
  44  4:23  Barracks  
  44  4:27  Barracks  
  44  4:28  SCV x2  
  46  4:36  Supply Depot  
  46  4:40  SCV x2  
  48  4:47  Command Center  
  48  4:52  SCV  
  49  4:58  SCV  
  49  4:59  Marine x2  
  52  5:03  Supply Depot  
  52  5:04  SCV  
  53  5:14  SCV  
  53  5:17  Marine x2  
  58  5:22  SCV  
  55  5:28  Barracks Tech Lab  
  55  5:30  Barracks Tech Lab  
  55  5:33  Siege Tank  
  55  5:34  Marine x2, SCV  
  55  5:35  SCV  
  61  5:39  Refinery  
  61  5:40  Refinery  
  61  5:46  SCV  
  61  5:47  SCV, Viking  
  61  5:49  Combat Shields, Stimpack  
  65  5:51  Marine, Supply Depot  
  65  5:52  Marine x3, Supply Depot x2  
  69  5:58  SCV  
  69  5:59  SCV  
  69  6:02  Engineering Bay  
  69  6:03  Orbital Command  
  71  6:09  Marine x2  
  71  6:10  Marine x2, SCV  
  76  6:11  SCV  
  77  6:22  SCV  
  77  6:23  SCV  
  77  6:27  Marine x2  
  77  6:28  Marine  
  78  6:34  SCV  
  76  6:47  Missile Turret x2, SCV  
  76  6:50  Missile Turret  
  76  6:51  Missile Turret, SCV  
  76  6:52  SCV  
  79  6:55  Marine  
  79  6:59  SCV  
  78  7:03  SCV  
  78  7:04  SCV  
  77  7:09  Missile Turret  
  77  7:10  Marine x2  
  77  7:11  SCV  
  80  7:15  SCV  
  80  7:16  Marine x2  
  80  7:22  SCV  
  79  7:27  SCV x2  
  79  7:28  Marine x2  
  78  7:33  Terran Infantry Weapons Level 1  
  78  7:34  Marine x2, SCV  
  78  7:35  Supply Depot  
  80  7:39  SCV  
  80  7:40  Missile Turret  
  77  7:44  SCV  
  77  7:47  SCV  
  79  7:51  SCV  
  79  7:53  Marine x4  
  84  8:06  Supply Depot  
  84  8:11  Marine x4  
  88  8:22  SCV  
  88  8:26  Barracks  
  89  8:27  Starport Reactor  
  89  8:28  Missile Turret, Barracks  
  89  8:29  Missile Turret, Marine x4  
  93  8:41  Orbital Command  
  93  8:46  Marine  
  93  8:47  Marine x3, Supply Depot  
  97  8:48  Supply Depot  
  97  8:52  Supply Depot  
  95  9:04  Marine x3  
  95  9:05  Marine  
  96  9:11  Missile Turret  
  96  9:15  SCV  
  97  9:19  Supply Depot  
  97  9:22  Marine x4, Starport Reactor  
  97  9:23  Supply Depot  
  101  9:28  SCV x2  
  101  9:29  SCV  
  104  9:40  Marine x4, SCV  
  104  9:41  Missile Turret  
  104  9:44  Missile Turret  
  109  9:48  Barracks Tech Lab  
  109  9:58  Marauder, Marine  
  109  9:59  Missile Turret, Marauder  
  106  10:01  Missile Turret  
  104  10:07  Medivac x2  
  104  10:11  Missile Turret  
  108  10:20  Marauder x2  
  112  10:27  Missile Turret  
  112  10:32  Supply Depot x2  
  112  10:34  Supply Depot  
  112  10:35  Concussive Shells  
  112  10:37  Medivac x2  
  112  10:38  Refinery  
  112  10:41  Marauder x2, Armory  
  120  10:45  Barracks  
  120  10:47  Terran Infantry Armor Level 1  
  120  10:49  Refinery, Marine x3, Engineering Bay  
  123  11:02  Missile Turret, Marine  
  123  11:03  Marauder  
  126  11:05  Missile Turret  
  126  11:06  Marine  
  126  11:07  Marine x2, Medivac x2  
  133  11:14  Command Center  
  133  11:20  Marine  
  133  11:23  Marine  
  133  11:24  Missile Turret, Marine x2  
  137  11:31  Marauder  
  126  11:37  Medivac  
  126  11:38  Marauder  
  107  11:42  Marauder  
  97  11:49  Marine x3  
  97  11:53  Marauder  
  89  12:00  Marauder  
  91  12:02  Terran Infantry Weapons Level 2  
  91  12:03  Marauder, Barracks Tech Lab  
  91  12:04  SCV  
  91  12:05  SCV  
  91  12:07  Marine x3  
  98  12:14  Marauder, SCV  
  101  12:21  Marauder  
  99  12:24  Marine x2  
  99  12:25  Marauder, Marine  
  97  12:36  Marauder  
  98  12:42  Marine x3  
  98  12:43  Marauder  
  94  12:46  Marauder  
  85  12:57  Marauder  
  78  13:00  Marine x3  
  78  13:04  Marauder  
  74  13:07  Marauder  
  74  13:12  Liberator x2  
  72  13:18  Marauder, Marine x3  
  77  13:25  Marauder  
  79  13:29  Marauder  
  79  13:32  Missile Turret  
  79  13:33  Terran Infantry Armor Level 2  
  87  13:34  Missile Turret  
  87  13:36  Marine x3  
  87  13:38  SCV x2  
  87  13:40  Marauder  
  94  13:44  Orbital Command, Missile Turret  
  94  13:47  Marauder  
  96  13:50  Marauder  
  96  13:52  Orbital Command  
  96  13:53  Missile Turret, Marine, SCV  
  96  13:54  Marine x2, SCV  
  96  13:55  Missile Turret, Liberator  
  103  14:01  Marine  
  104  14:05  SCV  
  104  14:06  SCV  
  104  14:07  Supply Depot  
  104  14:08  Marine  
  107  14:11  Marine x2  
  104  14:17  Supply Depot  
  104  14:18  Marine  
  105  14:25  Marine x3  
  105  14:26  Supply Depot  
  105  14:29  Marine x2  
  110  14:32  Orbital Command  
  110  14:36  Marine  
  111  14:42  Marine  
  111  14:43  Marine x2  
  110  14:47  Marine x2  
  110  14:54  Marine  
  111  15:00  Marine  
  111  15:01  Marine x2  
  111  15:04  Missile Turret, Marine  
  111  15:05  Marine  
  111  15:06  Liberator  
  111  15:07  Missile Turret  
  111  15:10  Missile Turret  
  111  15:11  Missile Turret  
  111  15:12  Marine  
  112  15:15  SCV x2  
  112  15:16  SCV x2  
  112  15:18  Marine  
  112  15:19  Marine x2  
  119  15:22  Marine  
  119  15:23  Marine  
  124  15:30  Marine  
  125  15:36  Marine x2, SCV x2  
  125  15:37  Marine, SCV x2  
  125  15:40  Marine x2  
  125  15:41  Refinery  
  125  15:42  Refinery  
  134  15:43  Terran Infantry Weapons Level 3  
  134  15:47  Marine  
  134  15:48  SCV  
  134  15:49  SCV  
  137  15:54  Marine x3  
  140  15:58  Marine x2  
  142  16:05  Marine  
  142  16:10  Terran Infantry Armor Level 3  
  143  16:12  Marine x3  
  143  16:16  Marine x2  
  148  16:23  Marine  
  143  16:29  Marine  
  143  16:30  Marine x2  
  129  16:33  Marine  
  129  16:34  Marine  
  118  16:41  Marine  
  99  16:47  Marine  
  99  16:48  Marine x2  
  99  16:51  Marine  
  99  16:52  Marine  
  102  16:59  Marine  
  102  17:03  Barracks  
  102  17:05  Marine  
  102  17:06  Marine x2  
  103  17:09  Marine  
  103  17:10  Marine  
  103  17:15  Command Center  
  97  17:17  Marine  
  98  17:23  Marine x3  
  98  17:27  Marine x2  
  97  17:34  Marine  
  93  17:41  Marine x3  
  96  17:45  Marine x2  
  95  17:52  Marine  
  95  17:54  Barracks Tech Lab  
  96  17:58  Marine  
  96  17:59  Marine x2  
  96  18:02  Marine  
  96  18:03  Marine  
  101  18:10  Marine  
  102  18:14  Refinery  
  102  18:16  Marine  
  102  18:17  Marine x2  
  102  18:18  Refinery  
  102  18:19  Fusion Core  
  105  18:20  Marine  
  105  18:21  Marine  
  107  18:28  Marine  
  107  18:29  Refinery  
  107  18:30  Refinery  
  107  18:32  Orbital Command, SCV  
  109  18:35  Marine x2  
  109  18:37  Missile Turret, Medivac x2  
  109  18:38  Missile Turret x2, Marine  
  109  18:39  Missile Turret, Marine  
  110  18:46  Marine  
  105  18:53  Marauder  
  107  18:56  Marauder  
  109  19:04  Marauder  
  109  19:06  SCV x2  
  109  19:07  Medivac x2  
  109  19:09  Starport  
  117  19:12  Marauder  
  117  19:14  Marauder  
  121  19:18  Marauder  
  123  19:25  Marauder  
  125  19:34  Marauder  
  125  19:36  Marauder  
  129  19:39  Marauder  
  128  19:47  Marauder  
  128  19:52  Marine  
  123  19:53  Marine x2  
  123  19:55  Marauder  
  123  19:57  Marauder  
  114  20:01  Marauder  
  116  20:08  Marauder  
  116  20:10  Marine x3  
  121  20:17  Marauder  
  121  20:19  Marauder  
  122  20:22  Marauder  
  122  20:28  Marine x3  
  118  20:30  Marauder  
  116  20:38  Marauder  
  116  20:39  Marine  
  119  20:43  Marine  
  119  20:44  Barracks  
  119  20:45  Marine  
  119  20:46  Marine x2  
  123  20:50  Marine  
  123  20:56  Orbital Command  
  116  20:57  Marine  
  116  20:59  Marine  
  116  21:01  Marine  
  116  21:03  Marine  
  116  21:04  Marine x2  
  110  21:08  Marine  
  109  21:13  Missile Turret  
  109  21:15  Marine  
  109  21:17  Marine  
  111  21:18  Marine  
  111  21:21  Marine  
  111  21:22  Marine x2, Starport Tech Lab  
  111  21:23  Medivac x2  
  110  21:26  Marine  
  83  21:33  Marine  
  83  21:34  Missile Turret, Marine  
  83  21:36  Marine  
  83  21:39  Marine x3  
  75  21:44  Marine  
  67  21:51  Marine  
  67  21:52  Marine  
  67  21:53  Medivac x2  
  71  21:54  Marine  
  71  21:57  Marine x3  
  69  22:02  Marine  
  65  22:09  Marine  
  65  22:10  Marine  
  65  22:12  Marine  
  65  22:15  Marine x3  
  64  22:19  Marine  
  60  22:23  Medivac  
  60  22:26  Marine  
  60  22:28  Marine  
  62  22:30  Marine  
  62  22:32  Marine  
  62  22:33  Marine x2  
  65  22:37  Marine  
  66  22:44  Marine  
  66  22:46  Marine  
  66  22:48  Marine  
  66  22:50  Marine  
  66  22:51  Marine x2  
  68  22:55  Marine  
  61  23:03  Marauder, Marine  
  55  23:05  Marine  
  55  23:08  Marine x3  
  57  23:13  Marine  
  56  23:21  Marine  
  56  23:23  Marine x2  
  56  23:24  Orbital Command  
  56  23:26  Marine x3  
  62  23:30  Barracks  
  62  23:31  Marauder, Barracks  
  62  23:32  Barracks  
  64  23:34  Barracks  
  64  23:37  Supply Depot  
  64  23:39  Marine  
  65  23:41  Marine  
  65  23:42  Marauder, Barracks  
  65  23:44  Marine x3, Barracks  
  63  23:52  Marine  
  61  23:57  Marine  
  61  23:59  Marine  
  61  24:00  Supply Depot  
  61  24:02  Marine  
  63  24:03  Marine  
  59  24:10  Marine  
  59  24:13  Marine  
  59  24:14  Marine  
  59  24:15  Marauder  
  58  24:17  Marauder  
  58  24:20  Marine  
  58  24:21  Marauder  
  59  24:25  Marine  
  59  24:26  Marine x3  
  59  24:28  Marauder  
  59  24:31  Marine x2  
  61  24:33  Liberator x3  
  61  24:37  Marauder  
  61  24:38  Marine  
  65  24:39  Marauder  
  65  24:42  Marauder  
  65  24:43  Marine x4  
  73  24:49  Marine x2  
  73  24:50  Marauder  
  86  24:55  Marine  
  86  24:58  Marauder  
  84  25:00  Marauder  
  84  25:01  Marine x4  
  84  25:04  Marauder  
  84  25:07  Marine x2  
  88  25:10  Marine  
  88  25:13  Marine  
  85  25:16  Missile Turret  
  85  25:19  Marine x5  
  85  25:21  Marine  
  85  25:24  Marine x2  
  85  25:25  Marine  
  87  25:28  Marine  
  87  25:31  Marine  
  86  25:36  Missile Turret, Marine  
  86  25:37  Marine x4  
  86  25:39  Marine, Medivac x3  
  86  25:42  Marine x2  
  98  25:43  Marine  
  98  25:44  Barracks Reactor x2  
  98  25:46  Marine  
  98  25:49  Marine  
  103  25:54  Marine x2  
  103  25:55  Marine x3  
  103  25:56  Marine  
  106  26:00  Marine x2  
  106  26:01  Marine  
  109  26:04  Marine  
  109  26:05  Missile Turret  
  109  26:09  Medivac x3  
  110  26:13  Marauder  
  110  26:15  Marauder  
  110  26:17  Orbital Command  
  81  26:19  Marauder  
  81  26:22  Marauder  
  81  26:24  Missile Turret  
  69  26:34  Marauder  
  69  26:36  Marauder  
  69  26:39  Medivac  
  73  26:40  Marauder  
  73  26:44  Marauder  
  64  26:54  Marine  
  64  26:55  Marine x2  
  64  26:56  Marauder  
  65  27:06  Supply Depot  
  63  27:11  Supply Depot  
Show
View Real Time Build Order
Export as new Build Order

Jhyrachy Zerg - Winner!

Build Orders: Hatch First 

Get SALT Encoding   

  12  0:01  Drone  
  13  0:12  Drone  
  14  0:21  Overlord  
  14  0:39  Drone x3  
  17  0:58  Hatchery  
  17  1:03  Drone  
  17  1:06  Drone, Extractor  
  17  1:19  Spawning Pool  
  17  1:20  Drone  
  17  1:26  Drone  
  18  1:35  Drone  
  19  1:59  Overlord  
  19  2:05  Queen  
  21  2:10  Queen  
  21  2:13  Drone x3  
  26  2:31  Drone x2  
  26  2:32  Drone  
  29  2:38  Spine Crawler  
  27  2:46  Spine Crawler  
  28  2:57  Zergling x2  
  28  2:58  Zergling x2  
  30  2:59  Lair  
  30  3:13  Extractor  
  30  3:15  Drone  
  30  3:16  Drone x5  
  30  3:19  Extractor  
  34  3:21  Extractor  
  33  3:43  Drone x3  
  33  3:44  Overlord  
  33  3:45  Overlord x2  
  36  4:23  Spire  
  35  4:25  Drone x2  
  35  4:26  Drone x4  
  35  4:27  Drone x2, Overlord  
  35  4:28  Overlord x2  
  43  4:37  Spore Crawler  
  42  4:43  Spore Crawler  
  39  4:50  Zergling x4  
  39  4:51  Zergling x8, Spine Crawler  
  43  5:08  Spine Crawler  
  42  5:28  Queen  
  42  5:35  Mutalisk  
  42  5:36  Mutalisk x4  
  42  5:40  Mutalisk  
  55  5:43  Mutalisk  
  57  6:07  Mutalisk  
  57  6:08  Mutalisk x4  
  63  8:18  Roach Warren  
  62  8:20  Drone  
  62  8:21  Hatchery, Drone x2, Evolution Chamber  
  62  8:22  Drone  
  62  8:25  Evolution Chamber  
  63  8:38  Queen  
  65  9:22  Zerg Ground Armor Level 1, Zerg Missile Weapons Level 1  
  65  9:38  Roach x11  
  77  9:39  Roach  
  77  9:40  Overlord x4  
  89  10:13  Glial Reconstitution, Burrow  
  89  10:16  Roach x7  
  89  10:17  Roach x6  
  115  10:43  Overlord x2  
  115  10:44  Overlord  
  115  10:45  Roach  
  115  10:46  Roach x2  
  121  11:08  Roach  
  121  11:09  Roach x9  
  141  11:23  Zerg Missile Weapons Level 2  
  141  11:24  Zerg Ground Armor Level 2  
  79  11:48  Queen  
  81  11:56  Roach  
  81  11:57  Roach x9  
  101  12:10  Drone  
  101  12:11  Drone x4  
  82  13:25  Drone  
  82  13:26  Drone x13  
  96  13:54  Extractor  
  95  14:00  Extractor  
  94  14:10  Mutalisk x7  
  94  14:11  Mutalisk x7  
  112  14:18  Roach x7  
  112  14:51  Mutalisk  
  112  14:52  Mutalisk x12  
  118  14:54  Hatchery  
  111  15:29  Tunneling Claws, Infestation Pit  
  110  15:58  Roach  
  110  15:59  Roach x15  
  142  16:13  Overlord x3  
  142  16:16  Spine Crawler  
  94  16:34  Roach x4  
  94  16:35  Roach x6  
  111  16:42  Hive  
  111  16:48  Queen  
  113  17:08  Roach x11  
  109  17:25  Roach  
  109  17:26  Roach x11  
  135  17:51  Roach  
  135  17:52  Roach x7  
  149  18:02  Zerg Missile Weapons Level 3  
  149  18:03  Zerg Ground Armor Level 3  
  149  18:06  Ultralisk Cavern  
  148  18:14  Roach  
  148  18:15  Roach x5  
  160  18:31  Extractor  
  160  18:34  Extractor  
  112  18:52  Ravager x3  
  112  18:53  Ravager x5  
  79  20:03  Roach x5  
  79  20:04  Roach x15  
  113  20:12  Spine Crawler  
  113  20:13  Spine Crawler  
  111  20:14  Spine Crawler  
  104  20:46  Roach  
  104  20:47  Roach x5  
  110  21:14  Hatchery  
  88  21:48  Roach  
  88  21:49  Roach x7  
  88  21:53  Roach  
  80  23:13  Roach  
  80  23:14  Roach x5  
  92  23:29  Spawning Pool  
  61  24:12  Roach x4  
  61  24:13  Roach x7  
  65  24:36  Spawning Pool  
  60  24:47  Chitinous Plating  
  60  24:48  Hatchery x2, Roach x8  
  60  24:52  Ultralisk x3  
  100  24:53  Ultralisk x4  
  86  25:22  Spine Crawler  
  86  25:23  Spine Crawler  
  76  25:44  Queen  
  76  25:47  Queen  
  80  26:15  Spore Crawler  
  80  26:16  Spore Crawler x2  
  80  26:17  Spore Crawler  
  80  26:18  Spore Crawler  
  75  26:29  Spore Crawler  
  67  26:53  Mutalisk x3  
Tags
 
Add a new tag
Caveats
  • Supply blocks, unpowered buildings, or Contaminate may cause inaccurate times.
  • Supply counts are checked every 10 seconds.